 Dungeon Crawl Stone Soup version 0.29-a0-723-gce39da1c22 (webtiles) character file.

Game seed: 14000819805868888714

23 blackman the Sneak (level 3, 29/29 HPs)
             Began as a Human Delver on June 28, 2022.
             Was an Initiate of Qazlal.
             Quit the game on level 2 of the Dungeon.
             The game lasted 00:03:44 (1396 turns).

blackman the Sneak (Human Delver)                   Turns: 1396, Time: 00:03:45

Health: 29/29      AC:  3    Str: 14    XL:     3   Next: 10%
Magic:  3/3        EV:  7    Int: 10    God:    Qazlal [......]
Gold:   21         SH: 10    Dex: 14    Spells: 2/2 levels left

rFire   . . .      SeeInvis +   a - +0 hand axe
rCold   . . .      Faith    .   f - +0 tower shield
rNeg    . . .      Spirit   .   b - +0 leather armour
rPois   .          Reflect  .   (no helmet)
rElec   .          Harm     .   (no cloak)
rCorr   .          Rampage  .   (no gloves)
Will    .....                   (no boots)
Stlth   +++.......              (no amulet)
HPRegen 0.09/turn               d - ring of see invisible
MPRegen 0.08/turn               (no ring)

@: no status effects
A: no striking features
a: Renounce Religion


You were on level 2 of the Dungeon.
You worshipped Qazlal.
Qazlal was noncommittal.
You visited 1 branch of the dungeon, and saw 4 of its levels.

You collected 21 gold pieces.

Inventory:

Hand Weapons
 a - a +0 hand axe (weapon)
Armour
 b - a +0 leather armour (worn)
 f - a +0 tower shield (worn)
Jewellery
 d - a ring of see invisible (left hand)
Wands
 g - a wand of digging (2)
Scrolls
 c - a scroll of fog
 h - a scroll of amnesia {unknown}
 j - a scroll of identify {unknown}
 l - a scroll of teleportation {unknown}
Potions
 e - a potion of might {unknown}
 i - 2 potions of ambrosia {unknown}
 k - a potion of heal wounds {unknown}


   Skills:
 - Level 3.0 Fighting
 + Level 3.3 Axes
 - Level 2.0 Dodging
 - Level 5.0 Stealth


You had 2 spell levels left.
You didn't know any spells.
Your spell library was empty.

Dungeon Overview and Level Annotations

Branches:
Dungeon (5/15)             Temple (0/1) D:5

Altars:
Fedhas
Gozag
Nemelex Xobeh
Qazlal
Zin


Message History

Increase (S)trength, (I)ntelligence, or (D)exterity?
You feel stronger. x2
You feel sick. The goblin hits you with a +0 dagger.
You hit the goblin.
You kill the goblin!
Qazlal accepts your kill.
You feel sick.
You are too injured to fight recklessly!
You are too injured to fight recklessly!
You are too injured to fight recklessly!
You are too injured to fight recklessly!
You are too injured to fight recklessly!
You are too injured to fight recklessly!
You feel sick.
You start putting on your armour.
You continue putting on your +0 tower shield.
You feel sick.
You continue putting on your +0 tower shield.
You feel sick.
You continue putting on your +0 tower shield.
You feel sick.
You continue putting on your +0 tower shield.
You feel sick.
You are no longer poisoned.
You finish putting on your +0 tower shield.
Your movement speed is average.
Your attack delay is about 1.5 (and is slowed by your shield).
Key pressed, stopping explore.
Key pressed, stopping explore.
Key pressed, stopping explore.
Key pressed, stopping explore.
Key pressed, stopping explore.
l - a scroll labelled MEATEF XIDEMUA
Found a chain mail.
You now have 21 gold pieces (gained 6).
No target in view!
No target in view!
No target in view!
No target in view!
Are you sure you want to abandon this character and quit the game? (Confirm with "yes".)

.###.#.#
#.#..###.#
.# #.#.#
#........#
.###.#.#
####.#####
.......#
#.#
####.###
#.# ..##.#
#.# #.##.#
#.# #.##.#
#.########
#.##.#
#.#@......[
.....#
##.########
#.#### ##
..# ###


There were no monsters in sight!

Vanquished Creatures
  An adder (D:2)
  A dart slug (D:2)
  A ball python (D:4)
  2 bats (D:2)
  A giant cockroach (D:2)
  3 goblins (D:2)
  2 quokkas (D:2)
11 creatures vanquished.

Notes
Turn   | Place    | Note
-------+----------+-------------------------------------------
     0 | D:5      | blackman the Human Delver began the quest for the Orb.
     0 | D:5      | Reached XP level 1. HP: 18/18 MP: 1/1
     0 | D:5      | Found a stormy altar of Qazlal.
     2 | D:5      | Found an opulent altar of Gozag.
     2 | D:5      | Noticed a yak
     2 | D:5      | Noticed a yak
     3 | D:5      | Noticed a phantom
     3 | D:5      | Noticed a yak
     3 | D:5      | Noticed a yak
     4 | D:5      | Found a blossoming altar of Fedhas.
     4 | D:5      | Found a glowing silver altar of Zin.
     4 | D:5      | Noticed a scorpion
     4 | D:5      | Noticed an ice beast
     4 | D:5      | Noticed a yak
     5 | D:5      | Noticed an orc priest
     6 | D:5      | Noticed an orc wizard
     9 | D:5      | Became a worshipper of Qazlal Stormbringer
    25 | D:5      | Noticed a hound
    59 | D:4      | Noticed a black bear
    62 | D:4      | Noticed a scorpion
    74 | D:3      | Noticed an orc wizard
    76 | D:3      | Identified the ring of Tesiumue {Wiz rF++ rC+ Str-3}
   695 | D:2      | Reached XP level 2. HP: 15/24 MP: 2/2
  1124 | D:2      | Reached XP level 3. HP: 21/29 MP: 3/3
  1396 | D:2      | Quit the game

Illustrated notes

Levels and vault maps discovered:
D:2:      layout_loops_corners, serial_shops, nicolae_shop_hallway_stairs
D:3:      layout_rooms, lemuel_crystal_altar, cheibrodos_sewer_entry_sluice
D:4:      layout_gridville, lemuel_zombie_altar_yredelemnul
D:5:      layout_basic, lemuel_tele_altar, grunt_temple_overflow_open,
          minmay_temple_entry_stoned_glass

Skill      XL: |  1  2 |
---------------+-------+-----
Axes           | 3 |  3.3
Fighting       | |  3.0
Dodging        | |  2.0
Stealth        | |  5.0

Action                   || total
-------------------------++-------
Melee: Hand axe          ||    62
       Punch             ||     2
Evoke: Wand              ||     1
  Use: Scroll            ||     2
       Potion            ||     1
 Stab: Sleeping          ||     3
Armor: Leather armour    ||    35
Dodge: Dodged            ||    73

Table legend: (Time is in decaauts)
 A = Elapsed time spent in this place.
 B = Non-inter-level travel time spent in this place.
 C = Inter-level travel time spent in this place.
 D = Time resting spent in this place.
 E = Time spent auto-exploring this place.
 F = Levels seen in this place.
 G = Mean time per level.
                   A        B        C        D        E       F      G
               +--------+--------+--------+--------+--------+-----+--------+
         Total |   1389 |   1388 |      1 |    443 |    646 |   4 |  347.2 |
       Dungeon |   1389 |   1388 |      1 |    443 |    646 |   4 |  347.2 |
               +--------+--------+--------+--------+--------+-----+--------+

Top non-repeatable levels by time:
     D:2: 1321 daAuts
     D:5: 34 daAuts
     D:4: 19 daAuts
     D:3: 13 daAuts
